 Dungeon Crawl Stone Soup version 0.28.0 (webtiles) character file.

Game seed: 13415975148301349266

3011 egresovca the Thaumaturge (level 9, -15/57 HPs)
             Began as a Demonspawn Conjurer on Feb 12, 2022.
             Was an Initiate of Gozag.
             Shot with an arrow by a centaur warrior (17 damage)
             ... on level 8 of the Dungeon.
             The game lasted 00:17:31 (9443 turns).

egresovca the Thaumaturge (Demonspawn Conjurer)     Turns: 9443, Time: 00:17:31

Health: -15/57     AC: 10    Str: 10    XL:     9   Next: 55%
Magic:  9/21       EV: 11    Int: 26    God:    Gozag
Gold:   696        SH:  0    Dex: 11    Spells: 13/24 levels left

rFire   . . .      SeeInvis .   o - +4 quarterstaff (chaos)
rCold   . . .      Faith    .   (shield currently unavailable)
rNeg    . . .      Spirit   .   r - +0 leather armour
rPois   .          Reflect  .   e - +2 hat
rElec   .          Harm     .   p - +1 cloak
rCorr   .          Rampage  .   k - +2 pair of gloves
Will    .....                   (no boots)
Stlth   +.........              (no amulet)
HPRegen 0.19/turn               (no ring)
MPRegen 0.17/turn               (no ring)

@: gold aura
A: antennae 2, big brain 2
a: Renounce Religion, Potion Petition, Call Merchant, Bribe Branch


You were on level 8 of the Dungeon.
You worshipped Gozag.
Gozag was pleased with you.
You visited 1 branch of the dungeon, and saw 8 of its levels.

You collected 771 gold pieces.
You paid 75 gold pieces to Gozag.

Inventory:

Hand Weapons
 b - a +0 trident
 g - a +0 dagger of draining
 n - a +3 dagger
 o - a +4 quarterstaff of chaos (weapon)
 w - a +4 dagger
Missiles
 i - 2 throwing nets
Armour
 e - a +2 hat (worn)
 k - a +2 pair of gloves (worn)
 p - a +1 cloak (worn)
 r - a +0 leather armour (worn)
Jewellery
 q - a ring of fire
Wands
 a - a wand of flame (25)
 u - a wand of mindburst (8)
Scrolls
 d - 3 scrolls of identify
 h - a scroll of enchant armour
 s - 2 scrolls of teleportation
 t - a scroll of brand weapon {unknown}
 v - a scroll of torment {unknown}
Potions
 c - 3 potions of mutation {unknown}
 f - a potion of heal wounds {unknown}
 j - a potion of degeneration {unknown}
 l - 2 potions of haste
 m - a potion of berserk rage {unknown}


   Skills:
 - Level 1.7 Dodging
 - Level 1.7 Stealth
 + Level 8.3 Spellcasting
 - Level 8.0 Conjurations
 - Level 6.4 Hexes
 + Level 3.0 Poison Magic


You had 13 spell levels left.
You knew the following spells:

 Your Spells              Type           Power      Damage    Failure   Level
a - Magic Dart            Conj           100%       1d8       1%          1
b - Searing Ray           Conj           100%       2d8       1%          2
c - Fulminant Prism       Conj/Hex       24%        3d13      3%          4
d - Olgreb's Toxic Radia  Pois           26%        N/A       22%         4

Your spell library contained the following spells:

 Spells                   Type           Power      Damage    Failure   Level
 Dazzling Flash           Conj/Hex       96%        N/A       1%          3
 Poisonous Vapours        Pois/Air       36%        N/A       6%          2
 Corpse Rot               Necr/Air       20%        N/A       11%         2
 Iskenderun's Mystic Bla  Conj/Tloc      31%        2d8       14%         4
 Ozocubu's Refrigeration  Ice            5%         4d6       100%        7
 Ignition                 Fire           5%         3d4       100%        8


Dungeon Overview and Level Annotations

Branches:
Dungeon (8/15)             Temple (0/1) D:6
   Lair: D:8-11

Altars:
Ashenzari
Cheibriados
Dithmenos
Gozag
Makhleb
Sif Muna
Trog
Vehumet
Wu Jian
Xom
The Shining One
Beogh

Shops:
D:2 =*:   D:4 *


Innate Abilities, Weirdness & Mutations

You have a pair of antennae on your head.
You have an extremely huge brain. (Int +4)


Message History

You hear a shout!
Aiming: Searing Ray (safe; 1% risk of failure)
Press: ? - help, Q - select action, (/) - cycle Shift-Dir - straight line, f - centaur warrior
Aim: a centaur warrior, wielding a +0 longbow and quivering arrows (87% to hit)
The searing ray hits the centaur warrior.
The centaur warrior is lightly wounded. (Press . to maintain the ray.)
The centaur warrior shoots an arrow.
The arrow barely misses you.
Your fulminant prism crackles loudly.
A centaur comes into view. It is wielding a +0 shortbow.
The centaur warrior shoots an arrow.
The arrow barely misses you.
Unknown command.
Unknown command.
The searing ray hits the centaur warrior.
The centaur warrior is moderately wounded.
The centaur warrior shoots an arrow.
The arrow hits you!
* * * LOW HITPOINT WARNING * * *
Your fulminant prism explodes!
The blast of energy engulfs the sky beast!!
The sky beast is severely wounded.
The blast of energy engulfs the jelly!!
You kill the jelly!
Your Poison Magic skill increases to level 3!
Unknown command.
The searing ray hits the centaur warrior.
The centaur warrior is moderately wounded.
The centaur warrior shoots an arrow.
The arrow hits you!
* * * LOW HITPOINT WARNING * * *
The centaur warrior drinks a potion.
The centaur warrior seems to grow stronger.
Unknown command.
Unknown command.
The searing ray hits the sky beast!
You kill the sky beast!
The searing ray misses the centaur warrior.
You finish channelling your searing ray.
The centaur shoots an arrow.
The arrow misses you.
The centaur warrior shoots an arrow.
The arrow hits you!
You die...
Your body crumbles into a pile of gold.

....# # ..#.# # ..#.##...
... ......... ...
..####... ... .....# ...
....## ########## ### .P
.....####........# ...#
.....##......#..@# ...ZZ
.....##.....##..$#!....o$
.....#......##...c{.{c..
..........####...#......
.....###### #..c##....?
##...# #.$.# #...# #....#
#...# #### ##...# #...#
###.# '...#


You could see a centaur warrior (strong) and a centaur.

Vanquished Creatures
  Sigmund (D:3)
  Eustachio (D:5)
  A steam dragon (D:5)
  Menkaure (D:7)
  2 water moccasins
  Pargi (D:3)
  2 orc warriors (D:7)
  A black bear (D:7)
  3 sky beasts
  3 ogres
  2 phantoms
  A bullfrog (D:8)
  A gnoll sergeant (D:6)
  A wyvern zombie (D:8)
  2 scorpions
  2 water moccasin skeletons
  3 hounds
  A jelly (D:8)
  5 orc priests
  Crazy Yiuf (D:4)
  2 bullfrog skeletons
  4 iguanas
  7 orc wizards
  A killer bee zombie (D:6)
  3 hound skeletons
  Robin (D:2)
  8 adders
  3 gnolls (D:6)
  A howler monkey skeleton (D:4)
  An ufetubus (D:7)
  2 dart slugs
  23 orcs
  5 bats
  5 endoplasms
  2 giant cockroaches
  11 goblins
  12 hobgoblins
  6 jackals
  4 quokkas
  9 ball pythons
  5 frilled lizards
  10 kobolds
  5 rats
165 creatures vanquished.

Vanquished Creatures (others)
  40 fulminant prisms
  2 plants (D:3)
42 creatures vanquished.

Grand Total: 207 creatures vanquished

Notes
Turn   | Place    | Note
-------+----------+-------------------------------------------
     0 | D:1      | egresovca the Demonspawn Conjurer began the quest for the
                  | Orb.
     0 | D:1      | Reached XP level 1. HP: 13/13 MP: 3/3
   305 | D:1      | Gained mutation: You have a pair of small antennae on your
                  | head. [demonic ancestry]
   305 | D:1      | Reached XP level 2. HP: 19/19 MP: 1/5
   541 | D:1      | Learned a level 2 spell: Searing Ray
  1440 | D:2      | Reached XP level 3. HP: 24/24 MP: 2/7
  1548 | D:2      | Found Hodyjar's General Store.
  1752 | D:2      | Found Casov's Book Shop.
  1851 | D:2      | Reached XP level 4. HP: 16/30 MP: 4/9
  2081 | D:2      | Found Peteraj's Jewellery Emporium.
  2333 | D:2      | Noticed Robin
  2336 | D:2      | Killed Robin
  2625 | D:3      | Noticed Sigmund
  2640 | D:3      | Killed Sigmund
  2641 | D:3      | Reached skill level 5 in Conjurations
  2641 | D:3      | Gained mutation: You have an unusually large brain. (Int
                  | +2) [demonic ancestry]
  2641 | D:3      | Reached XP level 5. HP: 35/35 MP: 2/12
  2721 | D:3      | Found a shadowy altar of Dithmenos.
  2803 | D:3      | Found a bloodstained altar of Trog.
  2809 | D:3      | Gained mutation: You have a pair of antennae on your head.
                  | [demonic ancestry]
  2809 | D:3      | Reached XP level 6. HP: 41/41 MP: 13/13
  3039 | D:3      | Found a faded altar of an unknown god.
  3085 | D:3      | Found an ornate altar of the Wu Jian Council.
  3086 | D:3      | Noticed Pargi
  3100 | D:3      | Killed Pargi
  3101 | D:3      | Reached skill level 5 in Spellcasting
  3735 | D:4      | Noticed a water moccasin
  3745 | D:4      | Killed a water moccasin
  3746 | D:4      | Reached XP level 7. HP: 41/46 MP: 6/15
  3752 | D:4      | Learned a level 4 spell: Fulminant Prism
  3903 | D:4      | Found Buxeex's Assorted Antiques.
  3923 | D:4      | Reached skill level 1 in Hexes
  4699 | D:4      | Found a runed translucent door.
  4700 | D:4      | Noticed Crazy Yiuf
  5285 | D:4      | Killed Crazy Yiuf
  5498 | D:5      | Entered Level 5 of the Dungeon
  5690 | D:5      | Found a broken altar of Ashenzari.
  5696 | D:5      | Found an opulent altar of Gozag.
  5825 | D:5      | Became a worshipper of Gozag Ym Sagoz the Greedy
  5858 | D:5      | Noticed a steam dragon
  5864 | D:5      | Killed a steam dragon
  6275 | D:5      | Gained mutation: You have an extremely huge brain. (Int +4)
                  | [demonic ancestry]
  6275 | D:5      | Reached XP level 8. HP: 43/52 MP: 4/17
  6286 | D:5      | Learned a level 4 spell: Olgreb's Toxic Radiance
  6492 | D:5      | Noticed Eustachio
  6526 | D:5      | Killed Eustachio
  6705 | D:5      | Found a shimmering blue altar of Sif Muna.
  6746 | D:5      | Reached skill level 5 in Hexes
  6884 | D:5      | Found a snail-covered altar of Cheibriados.
  7270 | D:6      | Found a burning altar of Makhleb.
  7791 | D:6      | Found a staircase to the Ecumenical Temple.
  7880 | D:7      | Reached XP level 9. HP: 57/57 MP: 11/20
  8107 | D:7      | Noticed Menkaure
  8111 | D:7      | Killed Menkaure
  8439 | D:7      | Reached skill level 1 in Poison Magic
  8617 | D:7      | Found a radiant altar of Vehumet.
  8904 | D:7      | Found a shimmering altar of Xom.
  8905 | D:7      | Found a shimmering altar of Xom.
  8906 | D:7      | Found a shimmering altar of Xom.
  8906 | D:7      | Found a shimmering altar of Xom.
  8906 | D:7      | Found a shimmering altar of Xom.
  8907 | D:7      | Found a shimmering altar of Xom.
  8907 | D:7      | Found a shimmering altar of Xom.
  8908 | D:7      | Found a shimmering altar of Xom.
  8908 | D:7      | Found a shimmering altar of Xom.
  8908 | D:7      | Noticed a cyclops
  9434 | D:8      | Noticed a centaur warrior
  9442 | D:8      | HP: 1/57 [centaur warrior/arrow (12)]
  9443 | D:8      | Shot with an arrow by a centaur warrior

Illustrated notes

Levels and vault maps discovered:
D:1:      dpeg_arrival_round_c, layout_loops_corners
D:2:      layout_basic, serial_shops, nicolae_shop_competitors_out_of_business,
          shop, shop, uniq_robin
D:3:      layout_basic, mainiacjoe_overflow_24_doors, nzn_wu_jian_contemplation,
          nicolae_dithmenos_shadow_blocks, dreamdust_ecumenical_altar_statues,
          minmay_statues_item, minmay_shallow_snake_nest, uniq_pargi,
          uniq_sigmund
D:4:      layout_loops_corners, serial_shops, shop, chequers_mini_garden,
          uniq_crazy_yiuf_cottage
D:5:      layout_cave_pools, kennysheep_orc_sif_temple,
          mainiacjoe_overflow_boulevard, mainiacjoe_overflow_catwalk_spiral,
          uniq_eustachio
D:6:      layout_rooms, kennysheep_little_box,
          minmay_temple_entry_statues_fountains
D:7:      layout_loops_ring, xom_shifter_show,
          mainiacjoe_overflow_six_doors_small, general_overflow_altar,
          david_defended_altar_orc, uniq_menkaure
D:8:      minmay_opposing_rooms, layout_cave_pools,
          mainiacjoe_overflow_cross_hatched

Skill      XL: |  1  2  3  4  5  6  7  8  9 |
---------------+----------------------------+-----
Spellcasting   | 3 4 5 6 7 8 |  8.3
Conjurations   | 5 6 7 8 |  8.0
Hexes          | 4 5 6 |  6.4
Poison Magic   | 3 |  3.0
Dodging        | |  1.7
Stealth        | |  1.7

Action                   |  1- 3 |  4- 6 |  7- 9 || total
-------------------------+-------+-------+-------++-------
Melee: Trident           |    45 |    60 |    30 ||   135
       Quarterstaff      |       |       |    28 ||    28
 Cast: Magic Dart        |    49 |       |     1 ||    50
       Searing Ray       |     2 |    15 |    39 ||    56
       Fulminant Prism   |       |       |    40 ||    40
       Olgreb's Toxic Ra |       |       |     1 ||     1
  Use: Scroll            |       |       |     3 ||     3
 Stab: Sleeping          |     1 |     1 |       ||     2
       Distracted        |       |     1 |       ||     1
Armor: Robe              |     9 |    33 |    17 ||    59
       Leather armour    |       |       |    26 ||    26
Dodge: Dodged            |    38 |    76 |    60 ||   174
